 Dungeon Crawl Stone Soup version 0.23.2-30-g0e89c35649 (webtiles) character file.

Game seed: 5885071303569046683

21 Kairos the Shield-Bearer (level 2, -3/27 HPs)
             Began as a Deep Dwarf Fighter on June 11, 2019.
             Slain by an ogre
             ... wielding a +0 giant spiked club
              (17 damage)
             ... on level 2 of the Dungeon.
             The game lasted 00:00:54 (538 turns).

Kairos the Shield-Bearer (Deep Dwarf Fighter)        Turns: 538, Time: 00:00:54

Health: -3/27      AC:  8    Str: 19    XL:     2   Next: 65%
Magic:  2/2        EV:  7    Int:  6    God:
Gold:   17         SH:  9    Dex: 14    Spells: 1/1 levels left

rFire    . . .     SeeInvis .   a - +0 war axe
rCold    . . .     Gourm    .   c - +0 shield
rNeg     . . .     Faith    .   b - +0 scale mail
rPois    .         Spirit   .   (helmet restricted)
rElec    .         Reflect  .   n - scarf {repulsion}
rCorr    .         Harm     .   (no gloves)
MR       .....                  k - +0 pair of boots
Stlth    ..........             (no amulet)
HPRegen  0.00/turn              (no ring)
MPRegen  0.08/turn              (no ring)

@: non-regenerating, repel missiles
A: damage resistance, heal wounds, horns 1, agile 1, dopey 1, sense surroundings
1, no regeneration
a: Heal Wounds


You were on level 2 of the Dungeon.
You were not hungry.

You visited 1 branch of the dungeon, and saw 2 of its levels.

You collected 17 gold pieces.

Inventory:

Hand Weapons
 a - a +0 war axe (weapon)
Armour
 b - a +0 scale mail (worn)
 c - a +0 shield (worn)
 k - a +0 pair of boots (worn)
 n - a scarf of repulsion (worn)
Scrolls
 e - a scroll of fear {unknown}
 h - a scroll of amnesia {unknown}
 j - a scroll of enchant weapon {unknown}
 l - 2 scrolls of identify
 m - a scroll of remove curse {unknown}
Potions
 d - 3 potions of might
 i - a potion of resistance
Comestibles
 f - 3 rations


   Skills:
 + Level 2.9 Fighting
 + Level 2.6 Axes
 + Level 3.3 Armour
 + Level 3.8 Shields


You had one spell level left.
You didn't know any spells.
Your spell library was empty.

Dungeon Overview and Level Annotations

Branches:
Dungeon (2/15)

Altars:


Innate Abilities, Weirdness & Mutations

You are resistant to damage.
You can heal yourself by infusing magical energy.
You passively map a small area around you.
You do not regenerate.
You have a pair of small horns on your head.
You are agile. (Dex +2)
You are dopey. (Int -2)


Message History

There are monsters nearby!
There are monsters nearby!
There are monsters nearby!
A quokka and a kobold come into view.
The kobold shouts!
The bat closely misses you.
Found a thin malachite amulet.
There is an open door here.
You slash the bat!
You kill the bat!
You barely miss the ogre. You hit the kobold.
The kobold hits you but does no damage.
The ogre hits you with a +0 giant spiked club!
You block the kobold's attack.
You closely miss the kobold.
The kobold is heavily wounded.
Your shield prevents you from hitting the ogre.
The ogre hits you with a +0 giant spiked club!!
Ouch! That really hurt!
You die...

#.#.#.###(.......#
..#.#.# ##(#+#+###
..#.#.####.#.#.#
....#.##.......#
#.....##.#######*#######
* ................
....... ,
########.####### ......#
.#######.########......#
....†...........@Or....#
#........########K.....#
#.######## ......# , #.#
* ......# #.# , *
.....?. #.#### * .......
#<...+, , *.......
#.#### * * ####".# * #.#
, , ,


You could see an ogre, a quokka and a kobold.

Vanquished Creatures
  2 dart slugs
  2 giant cockroaches (D:1)
  2 hobgoblins (D:1)
  3 kobolds
  5 bats
  A goblin (D:1)
  2 rats (D:1)
17 creatures vanquished.

Notes
Turn   | Place    | Note
-------+----------+-------------------------------------------
     0 | D:1      | Kairos the Deep Dwarf Fighter began the quest for the Orb.
     0 | D:1      | Reached XP level 1. HP: 20/20 MP: 1/1
   282 | D:1      | Reached XP level 2. HP: 27/27 MP: 2/2
   479 | D:2      | Gained mutation: You are agile. (Dex +2) [potion of
                  | mutation]
   479 | D:2      | Gained mutation: You are dopey. (Int -2) [potion of
                  | mutation]
   479 | D:2      | Gained mutation: You have a pair of small horns on your
                  | head. [potion of mutation]
   534 | D:2      | Noticed an ogre
   538 | D:2      | Slain by an ogre

Action                   || total
-------------------------++-------
Melee: War axe           ||    56
       Headbutt          ||     1
  Use: Scroll            ||     2
       Potion            ||     1
Armor: Scale mail        ||    35
Dodge: Dodged            ||    27
Block: Shield            ||    36
